 Dungeon Crawl Stone Soup version 0.24.0-123-gd5b16e6ec5 (webtiles) character file.

Game seed: 7762403809403627771, levelgen mode: deterministic

314 pyz3n the Firebug (level 6, -4/32 HPs)
             Began as a Deep Elf Fire Elementalist on Jan 13, 2020.
             Killed from afar by an orc wizard (5 damage)
             ... with a puff of flame
             ... on level 5 of the Dungeon on Jan 14, 2020.
             The game lasted 00:26:34 (3821 turns).

pyz3n the Firebug (Deep Elf Fire Elementalist)      Turns: 3821, Time: 00:26:34

Health: -4/32      AC:  3    Str:  5    XL:     6   Next: 19%
Magic:  1/12       EV: 15    Int: 22    God:
Gold:   121        SH:  0    Dex: 18    Spells: 5/11 levels left

rFire    . . .     SeeInvis .   j - +1 dagger (holy)
rCold    . . .     Gourm    .   (no shield)
rNeg     . . .     Faith    .   a - +0 robe
rPois    .         Spirit   .   o - +0 helmet
rElec    .         Reflect  .   (no cloak)
rCorr    .         Harm     .   (no gloves)
MR       .....                  (no boots)
Stlth    ++........             (no amulet)
HPRegen  0.10/turn              m - +3 ring of dexterity
MPRegen  0.13/turn              (no ring)

@: no status effects
A: no striking features
a: no special abilities


You were on level 5 of the Dungeon.
You were very hungry.

You visited 1 branch of the dungeon, and saw 4 of its levels.

You collected 121 gold pieces.

Inventory:

Hand Weapons
 b - a +0 short sword
 i - a +2 spear of piercing
 j - a +1 dagger of holy wrath (weapon)
 k - a +0 hand axe of venom
 t - a +2 falchion of holy wrath
 y - a +2 war axe of freezing
Missiles
 g - 12 arrows
 v - 3 boomerangs (quivered)
 x - 8 poisoned darts
Armour
 a - a +0 robe (worn)
 o - a +0 helmet (worn)
Jewellery
 m - a +3 ring of dexterity (left hand)
 A - an uncursed amulet of regeneration {unknown}
Wands
 s - a wand of iceblast (8)
Scrolls
 e - 2 scrolls of fear
 f - 2 scrolls of remove curse
 q - a scroll of enchant weapon {unknown}
 w - a scroll of identify
Potions
 d - a potion of agility {unknown}
 h - 2 potions of mutation
 l - a potion of brilliance {unknown}
 n - 2 potions of curing
 p - a potion of degeneration
 r - a potion of might {unknown}
 z - a potion of resistance {unknown}
Comestibles
 c - 6 rations
 u - 2 chunks of flesh


   Skills:
 + Level 4.4 Dodging
 - Level 2.4 Stealth
 - Level 3.0 Spellcasting
 + Level 3.4 Conjurations
 * Level 5.9 Fire Magic


You had 5 spell levels left.
You knew the following spells:

 Your Spells              Type           Power        Failure   Level  Hunger
a - Throw Flame           Conj/Fire      ###...       2%          2    ##.....
b - Conjure Flame         Conj/Fire      ###.....     5%          3    ###....
p - Flame Tongue          Conj/Fire      ###..        1%          1    None

Your spell library contained the following spells:

 Spells                   Type           Power        Failure   Level  Hunger
 Inner Flame              Hex/Fire       ###.....     11%         3    ###....
 Sticky Flame             Conj/Fire      ###.....     19%         4    ####...
 Fireball                 Conj/Fire      ###.......   45%         5    ######.


Dungeon Overview and Level Annotations

Branches:
Dungeon (3/15)

Altars:
Dithmenos
Elyvilon

Shops:
D:5 %


Message History

The orc wizard hits you with a +0 dagger.
You hit the orc wizard but do no damage.
The orc wizard is severely wounded.
The orc wizard barely misses you.
The orc wizard looks encouraged for a moment.
The orc wizard gestures at you while chanting.
The puff of frost hits you!
* * * LOW HITPOINT WARNING * * *
As you read the scroll of fear, it crumbles to dust.
You assume a fearsome visage.
The orc wizard looks frightened!
The orc looks frightened!
The worker ant looks frightened!
The orc wizard casts a spell.
The orc wizard flickers and vanishes!
Deactivating autopickup; reactivate with Ctrl-A.
A magic dart appears from out of thin air!
The magic dart hits you!
* * * LOW HITPOINT WARNING * * *
A puff of flame appears from out of thin air!
The puff of flame hits you.
You die...

#.. #.# .# ####
#.##.# .# #.##.# .#
#.##.# #.##.# #.##.#
###### #.##.##
.o.รท.# #.##..#
####.# #@##.##
####.#### #.#.##
#.......# ##.#.#
#.#####.#######....##
..# #.#.o.a...)...#
..#
#...#####..(#.....
#.# #.### ##.#######
#.#####.# #.#
#.......# #.#


There were no monsters in sight!

Vanquished Creatures
  A scorpion (D:5)
  An orc priest (D:5)
  2 centaur skeletons (D:5)
  A worker ant zombie (D:5)
  A gnoll (D:1)
  8 adders
  An ooze (D:3)
  A worm (D:3)
  A dart slug (D:3)
  A leopard gecko (D:2)
  9 orcs
  A ball python (D:2)
  5 bats
  3 giant cockroaches
  8 goblins
  5 hobgoblins
  5 kobolds
  A quokka (D:5)
  10 frilled lizards
  A leopard gecko skeleton (D:5)
  9 rats
75 creatures vanquished.

Notes
Turn   | Place    | Note
-------+----------+-------------------------------------------
     0 | D:1      | pyz3n the Deep Elf Fire Elementalist began the quest for
                  | the Orb.
     0 | D:1      | Reached XP level 1. HP: 10/10 MP: 6/6
   328 | D:1      | Reached XP level 2. HP: 15/15 MP: 5/8
   476 | D:1      | Reached skill level 4 in Fire Magic
   662 | D:1      | Reached XP level 3. HP: 19/19 MP: 7/9
   966 | D:2      | Learned a level 2 spell: Throw Flame
   970 | D:2      | Learned a level 3 spell: Conjure Flame
  1643 | D:2      | Found a white marble altar of Elyvilon.
  1827 | D:2      | Reached XP level 4. HP: 24/24 MP: 0/10
  2708 | D:3      | Reached skill level 5 in Fire Magic
  2869 | D:3      | Reached XP level 5. HP: 28/28 MP: 6/11
  3017 | D:3      | Found a shadowy altar of Dithmenos.
  3110 | D:3      | You fall into a shaft and drop 2 floors!
  3110 | D:5      | Entered Level 5 of the Dungeon
  3110 | D:5      | Found Qimoekh's Food Boutique.
  3779 | D:5      | Reached XP level 6. HP: 32/32 MP: 1/12
  3819 | D:5      | HP: 1/32 [something/magic dart (8)]
  3821 | D:5      | Killed from afar by an orc wizard

Levels and vault maps discovered:
D:1:      matt_arrival_spirals, layout_basic
D:2:      layout_loops_ring, elyvilon_altar_3
D:3:      layout_basic, lemuel_crystal_altar
D:5:      layout_loops_ring, biasface_ghost_orc_armoury, serial_shops, shop

Skill      XL: |  1  2  3  4  5 |
---------------+----------------+-----
Fire Magic     | 4 5 |  5.9
Dodging        | 3 4 |  4.4
Conjurations   | 2 3 |  3.4
Stealth        | |  2.4
Spellcasting   | |  3.0

Action                   |  1- 3 |  4- 6 || total
-------------------------+-------+-------++-------
Melee: Unarmed           |     7 |       ||     7
       Short sword       |     3 |       ||     3
       Spear             |       |    13 ||    13
       Dagger            |       |    19 ||    19
 Fire: Shortbow          |       |     6 ||     6
 Cast: Flame Tongue      |    46 |    46 ||    92
       Throw Flame       |    17 |    41 ||    58
       Conjure Flame     |     2 |     4 ||     6
  Use: Scroll            |       |     7 ||     7
       Potion            |       |     1 ||     1
  Eat: Chunk             |     3 |     4 ||     7
       Ration            |       |     1 ||     1
Armor: Robe              |     4 |    10 ||    14
Dodge: Dodged            |    19 |    42 ||    61
